 Dungeon Crawl Stone Soup version 0.31-a0-851-g7ff8af7976 (webtiles) character file.

Game seed: 8857320580594091999

2027 Gladio the Poker (level 9, -10/74 HPs)
             Began as a Gnoll Chaos Knight on Oct 6, 2023.
             Was a Plaything of Xom.
             Killed from afar by a steam dragon (12 damage)
             ... with a ball of steam
             ... on level 7 of the Dungeon.
             The game lasted 00:21:20 (7609 turns).

Gladio the Poker (Gnoll Chaos Knight)               Turns: 7609, Time: 00:21:21

Health: -10/74     AC: 12    Str: 15    XL:     9   Next: 23%
Magic:  15/15      EV: 16    Int: 11    God:    Xom [*.....]
Gold:   178        SH:  5    Dex: 13    Spells: 14/16 levels left

rFire   . . .        k - +0 bardiche
rCold   . . .        (shield currently unavailable)
rNeg    . . .        w - +0 scale mail
rPois   .            (no helmet)
rElec   .            (no cloak)
rCorr   .            (no gloves)
SInv    .            U - +0 pair of boots
Will    .....        b - amulet of reflection
Stlth   +            F - +5 ring of evasion
HPRegen 0.32/turn    V - +4 ring of protection
MPRegen 0.14/turn

%: reflection
@: no status effects
A: fangs 1, strong nose, distributed training
a: Renounce Religion


You were on level 7 of the Dungeon.
You worshipped Xom.
You were a special plaything of Xom.
You visited 1 branch of the dungeon, and saw 7 of its levels.

You collected 268 gold pieces.
You spent 90 gold pieces at shops.

Inventory:

Hand Weapons
 a - a +0 spear of chaos
 k - a +0 bardiche (weapon)
 l - a +0 orcbow
 z - a +0 sling
Missiles
 C - 35 stones
 E - 14 boomerangs
Armour
 j - a +0 ring mail
 p - a +0 plate armour
 v - a +0 chain mail
 w - a +0 scale mail (worn)
 U - a +0 pair of boots (worn)
Jewellery
 b - an amulet of reflection (around neck)
 q - a ring of see invisible
 B - a ring of flight
 F - a +5 ring of evasion (left hand)
 I - a ring of fire
 L - an amulet of magic regeneration
 S - a ring of positive energy
 V - a +4 ring of protection (right hand)
 W - an amulet of the acrobat
Talismans
 x - a flux talisman
 K - a maw talisman
Wands
 o - a wand of flame (10)
 y - a wand of charming (2)
 J - a wand of iceblast (11)
 M - a wand of digging (2)
Scrolls
 c - a scroll of butterflies
 f - 6 scrolls of enchant weapon
 h - 2 scrolls of amnesia
 i - 2 scrolls of revelation
 m - a scroll of fear {unknown}
 n - a scroll of brand weapon {unknown}
 A - 2 scrolls of teleportation
 D - 2 scrolls of blinking
 H - a scroll of poison {unknown}
 O - a scroll of enchant armour {unknown}
 R - 2 scrolls of identify
 T - a scroll of fog {unknown}
 X - a scroll of torment {unknown}
Potions
 d - a potion of resistance {unknown}
 e - 2 potions of ambrosia
 g - 7 potions of curing
 r - 2 potions of berserk rage
 s - a potion of brilliance {unknown}
 t - a potion of degeneration {unknown}
 u - 3 potions of attraction
 G - a potion of enlightenment {unknown}
 N - a potion of might {unknown}
 P - a potion of invisibility {unknown}
 Q - 2 potions of lignification
 Y - a potion of heal wounds {unknown}


   Skills:
 + Level 7.8 Fighting
 + Level 4.1 Short Blades
 + Level 4.1 Long Blades
 + Level 4.1 Axes
 + Level 4.1 Maces & Flails
 + Level 7.8 Polearms
 + Level 4.1 Staves
 + Level 4.1 Ranged Weapons
 + Level 4.1 Throwing
 + Level 6.2 Armour
 + Level 4.9 Dodging
 + Level 4.1 Stealth
 + Level 4.1 Shields
 + Level 4.1 Unarmed Combat
 + Level 4.1 Spellcasting
 + Level 3.4 Conjurations
 + Level 3.4 Hexes
 + Level 3.4 Summonings
 + Level 3.4 Necromancy
 + Level 3.4 Translocations
 + Level 3.4 Transmutations
 + Level 3.4 Fire Magic
 + Level 3.4 Ice Magic
 + Level 3.4 Air Magic
 + Level 3.4 Earth Magic
 + Level 3.4 Poison Magic
 + Level 4.5 Invocations
 + Level 4.1 Evocations
 + Level 3.7 Shapeshifting


You had 14 spell levels left.
You knew the following spells:

 Your Spells              Type           Power      Damage    Failure   Level
a - Blink                 Tloc           18%        N/A       30%         2

Your spell library contained the following spells:

 Spells                   Type           Power      Damage    Failure   Level
 Kiss of Death            Conj/Necr      36%        2d8       21%         1
 Confusing Touch          Hex            9%         N/A       52%         3
 Dazzling Flash           Conj/Hex       18%        N/A       52%         3
 Volatile Blastmotes      Fire/Tloc      18%        2d11      52%         3
 Dispel Undead            Necr           9%         3d8       89%         4
 Manifold Assault         Tloc           9%         N/A       89%         4
 Dispersal                Tloc           4%         N/A       100%        6
 Starburst                Conj/Fire      4%         6d4       100%        6
 Disjunction              Tloc           4%         N/A       100%        8
 Maxwell's Capacitive Co  Air            4%         ∞         100%        8


Dungeon Overview and Level Annotations

Branches:
Dungeon (7/15)             Temple (0/1) D:7

Altars:

Shops:
D:1 *   D:4 *

Annotations:
D:3 1 runed translucent door, Pascal76's ghost, amateur GrGl


Innate Abilities, Weirdness & Mutations

You have very sharp teeth.
Your uncanny sense of smell can sniff out nearby items.
Your experience applies equally to all skills.


Message History

The steam dragon is severely wounded.
The steam dragon closely misses you. The steam dragon misses you.
You hit the steam dragon.
You bite the steam dragon, but do no damage.
The steam dragon is severely wounded.
The steam dragon breathes steam at you. The ball of steam hits you!!
The steam dragon breathes steam at you. The ball of steam hits you!
The steam dragon attacks as it pursues you!
The steam dragon bites you but does no damage.
The steam dragon claws you but does no damage.
You are too injured to fight recklessly!
You are too injured to fight recklessly!
You are too injured to fight recklessly!
You closely miss the steam dragon. Your bite misses the steam dragon.
The steam dragon is severely wounded.
The steam dragon breathes steam at you. The ball of steam hits you!
* * * LOW HITPOINT WARNING * * *
You slash the steam dragon!
You bite the steam dragon, but do no damage.
The steam dragon is almost dead.
You are engulfed in a cloud of scalding steam.
* * * LOW HITPOINT WARNING * * *
The steam dragon bites you but does no damage.
The steam dragon barely misses you.
The steam dragon bites you but does no damage.
The steam dragon claws you but does no damage.
You barely miss the steam dragon.
The steam dragon is almost dead.
The steam dragon bites you.
* * * LOW HITPOINT WARNING * * *
You block the steam dragon's attack.
You hit the steam dragon.
The steam dragon is almost dead.
The steam dragon breathes steam at you. The ball of steam hits you!
You die...
Xom bursts into laughter!

#.......# #......... #.......###
#......... #........)# #.........
#...####''#### #.........
#...#≈≈≈..≈≈≈# #.........
####...#≈≈≈..≈≈§# #.........
#......#≈≈##.#≈≈# #.........
###.....##≈.#.#D.≈#.. #.........
........##≈..#.#@≈#... #.........
........##≈§#.##§§#....##########
........##§≈≈. §§≈#....# #...
###.....##§≈≈ ≈≈≈≈#....#######...
#....P..###########.[............
#.P.P...# ........[......
#PP>.P..# #..............
#..P....# #..............
.P...P### #..............


You could see a steam dragon (catching breath).

Vanquished Creatures
  Grinder (D:5)
  Eustachio (D:5)
  2 water moccasins (D:7)
  An ice beast (D:7)
  An ogre (D:6)
  A centaur (D:6)
  3 bullfrogs
  3 scorpions
  3 wights (D:6)
  5 jellies
  An orc priest (D:4)
  5 hounds
  A sleepcap (D:6)
  Ijyb (D:5)
  Terence (D:3)
  An orc wizard (D:6)
  6 gnolls
  9 adders
  A shadow imp (D:4)
  An ufetubus (D:5)
  3 dart slugs
  8 orcs
  5 ball pythons
  6 bats
  9 endoplasms
  5 giant cockroaches
  12 goblins
  10 hobgoblins
  3 jackals (D:5)
  9 kobolds
  6 quokkas
  4 frilled lizards
  3 rats (D:1)
131 creatures vanquished.

Vanquished Creatures (collateral kills)
  2 gnolls (D:5)
  A shadow imp (D:4)
3 creatures vanquished.

Grand Total: 134 creatures vanquished

Notes
Turn   | Place    | Note
-------+----------+-------------------------------------------
     0 | D:1      | Gladio the Gnoll Chaos Knight began the quest for the Orb.
     0 | D:1      | Reached XP level 1. HP: 23/23 MP: 1/1
    15 | D:1      | XOM: potion effect (haste)
   141 | D:1      | Reached XP level 2. HP: 29/29 MP: 2/2
   154 | D:1      | Found Veaxasoag's General Store.
   481 | D:1      | XOM: silly message
   536 | D:1      | Reached XP level 3. HP: 27/35 MP: 3/3
   545 | D:1      | XOM: silly message
   994 | D:2      | Reached skill level 1 in Invocations
  1071 | D:2      | Reached skill level 1 in Short Blades
  1071 | D:2      | Reached skill level 1 in Long Blades
  1071 | D:2      | Reached skill level 1 in Axes
  1071 | D:2      | Reached skill level 1 in Maces & Flails
  1071 | D:2      | Reached skill level 1 in Staves
  1071 | D:2      | Reached skill level 1 in Ranged Weapons
  1071 | D:2      | Reached skill level 1 in Throwing
  1071 | D:2      | Reached skill level 1 in Stealth
  1071 | D:2      | Reached skill level 1 in Shields
  1071 | D:2      | Reached skill level 1 in Unarmed Combat
  1071 | D:2      | Reached skill level 1 in Spellcasting
  1071 | D:2      | Reached skill level 1 in Evocations
  1289 | D:2      | XOM: scenery: 2 doors close
  1354 | D:2      | Reached XP level 4. HP: 33/41 MP: 5/5
  1422 | D:2      | XOM: divination: detect items
  1579 | D:2      | Reached skill level 1 in Shapeshifting
  1613 | D:2      | XOM: 1-stop teleportation journey
  1896 | D:3      | Found a runed translucent door.
  1896 | D:3      | Noticed Pascal76's ghost (amateur GrGl)
  1954 | D:3      | XOM: cloud trail
  1969 | D:3      | XOM: confuse monster(s)
  1971 | D:3      | XOM: silly message
  1976 | D:3      | Reached skill level 1 in Conjurations
  1976 | D:3      | Reached skill level 1 in Hexes
  1976 | D:3      | Reached skill level 1 in Summonings
  1976 | D:3      | Reached skill level 1 in Necromancy
  1976 | D:3      | Reached skill level 1 in Translocations
  1976 | D:3      | Reached skill level 1 in Transmutations
  1976 | D:3      | Reached skill level 1 in Fire Magic
  1976 | D:3      | Reached skill level 1 in Ice Magic
  1976 | D:3      | Reached skill level 1 in Air Magic
  1976 | D:3      | Reached skill level 1 in Earth Magic
  1976 | D:3      | Reached skill level 1 in Poison Magic
  2044 | D:3      | Noticed Terence
  2063 | D:3      | Killed Terence
  2064 | D:3      | Reached XP level 5. HP: 9/47 MP: 5/7
  2244 | D:3      | XOM: silly message
  2832 | D:3      | XOM: silly message
  2851 | D:4      | Found Fontoirio's Mass Market.
  2950 | D:4      | XOM: 1-stop teleportation journey
  2957 | D:4      | XOM: 2-stop teleportation journey
  3010 | D:4      | XOM: 3-stop teleportation journey
  3023 | D:4      | Reached XP level 6. HP: 50/53 MP: 8/8
  3058 | D:4      | Found a transporter.
  3074 | D:4      | Found a transporter.
  3312 | D:4      | XOM: silly message
  3417 | D:4      | Reached skill level 5 in Armour
  3676 | D:4      | Identified the +1 robe of the Little Devil {Harm Will-
                  | Str+3 Archmagi}
  3862 | D:5      | Entered Level 5 of the Dungeon
  3882 | D:5      | HP: 2/53 [orc/+0 falchion (5)]
  3895 | D:5      | XOM: divination: detect creatures
  3934 | D:5      | XOM: silly message
  3940 | D:5      | XOM: silly message
  4230 | D:5      | Noticed Ijyb
  4234 | D:5      | XOM: enchant monster (good)
  4239 | D:5      | Killed Ijyb
  4248 | D:5      | Reached XP level 7. HP: 59/59 MP: 10/10
  4258 | D:5      | XOM: smoke on damage
  4282 | D:5      | XOM: 2-stop teleportation journey
  4318 | D:5      | XOM: enchant monster (good)
  4465 | D:5      | XOM: cloud trail
  4613 | D:5      | HP: 1/60 [acid (7)]
  4910 | D:5      | Noticed Eustachio
  4919 | D:5      | Killed Eustachio
  5132 | D:5      | Noticed Grinder
  5138 | D:5      | XOM: cast spell 'Chain of Chaos'
  5146 | D:5      | Killed Grinder
  5147 | D:5      | Reached XP level 8. HP: 56/67 MP: 12/12
  5203 | D:5      | XOM: scenery: summon butterflies
  5325 | D:4      | Bought a +0 bardiche for 90 gold pieces
  5941 | D:6      | XOM: smoke on damage
  6316 | D:6      | XOM: divination: detect items
  6339 | D:6      | XOM: 7-stop teleportation journey
  6522 | D:6      | Reached XP level 9. HP: 72/72 MP: 14/14
  6794 | D:7      | XOM: swap monsters
  7118 | D:7      | XOM: summons 1 hostile shadow creature
  7243 | D:7      | XOM: 2-stop teleportation journey
  7257 | D:7      | Learned a level 2 spell: Blink
  7564 | D:7      | Found a staircase to the Ecumenical Temple.
  7607 | D:7      | HP: 3/74 [steam dragon] (13)]
  7609 | D:7      | Killed from afar by a steam dragon

Illustrated notes

Levels and vault maps discovered:
D:1:      ncdulo_lavacross, layout_loops_corners, serial_shops, shop
D:2:      layout_loops_corners
D:3:      layout_basic, hellmonk_ghost_happy_afterlife, minmay_misc_feat_x,
          kennysheep_nub, minmay_pentomino_pile, uniq_terence
D:4:      gammafunk_wand_slinger, layout_rooms, minmay_shop_mass,
          minmay_fractal_squares_diagonal_5
D:5:      cheibrodos_quashed, layout_basic, kennysheep_generic_room_7,
          uniq_grinder, uniq_eustachio, uniq_ijyb
D:6:      corexii_shack_village, layout_loops_ring
D:7:      layout_basic, minmay_temple_entry_overgrown, kennysheep_generic_room_4

Skill      XL: |  1  2  3  4  5  6  7  8  9 |
---------------+----------------------------+-----
Invocations    | 1 2 3 4 |  4.5
Short Blades   | 1 2 3 4 |  4.1
Long Blades    | 1 2 3 4 |  4.1
Axes           | 1 2 3 4 |  4.1
Maces & Flails | 1 2 3 4 |  4.1
Staves         | 1 2 3 4 |  4.1
Ranged Weapons | 1 2 3 4 |  4.1
Throwing       | 1 2 3 4 |  4.1
Stealth        | 1 2 3 4 |  4.1
Shields        | 1 2 3 4 |  4.1
Unarmed Combat | 1 2 3 4 |  4.1
Spellcasting   | 1 2 3 4 |  4.1
Evocations     | 1 2 3 4 |  4.1
Shapeshifting  | 1 2 3 |  3.7
Conjurations   | 1 2 3 |  3.4
Hexes          | 1 2 3 |  3.4
Summonings     | 1 2 3 |  3.4
Necromancy     | 1 2 3 |  3.4
Translocations | 1 2 3 |  3.4
Transmutations | 1 2 3 |  3.4
Fire Magic     | 1 2 3 |  3.4
Ice Magic      | 1 2 3 |  3.4
Air Magic      | 1 2 3 |  3.4
Earth Magic    | 1 2 3 |  3.4
Poison Magic   | 1 2 3 |  3.4
Dodging        | 3 4 |  4.9
Armour         | 5 6 |  6.2
Fighting       | 7 |  7.8
Polearms       | 7 |  7.8

Action                     |  1- 3 |  4- 6 |  7- 9 || total
---------------------------+-------+-------+-------++-------
  Melee: Spear             |    94 |   199 |    92 ||   385
         Bite              |     6 |     9 |    35 ||    50
         Punch             |     1 |     5 |     2 ||     8
         Bardiche          |       |       |   154 ||   154
   Fire: Sling             |       |     5 |       ||     5
         Orcbow            |       |       |    57 ||    57
  Evoke: Wand              |       |     2 |    10 ||    12
    Use: Scroll            |       |     8 |     3 ||    11
   Stab: Confused          |       |     3 |       ||     3
         Distracted        |       |     1 |       ||     1
         Sleeping          |       |       |     2 ||     2
 Armour: Leather armour    |     7 |       |       ||     7
         Ring mail         |    14 |    20 |       ||    34
         Scale mail        |       |    54 |   144 ||   198
         Chain mail        |       |       |    16 ||    16
  Dodge: Dodged            |    23 |    60 |   221 ||   304
  Block: Other             |       |       |     7 ||     7
         Reflection        |       |       |     1 ||     1

Table legend: (Time is in decaauts)
 A = Elapsed time spent in this place.
 B = Non-inter-level travel time spent in this place.
 C = Inter-level travel time spent in this place.
 D = Time resting spent in this place.
 E = Time spent auto-exploring this place.
 F = Levels seen in this place.
 G = Mean time per level.
                   A        B        C        D        E       F      G
               +--------+--------+--------+--------+--------+-----+--------+
         Total |   7598 |   7152 |    446 |      0 |   5960 |   7 | 1085.4 |
       Dungeon |   7598 |   7152 |    446 |      0 |   5960 |   7 | 1085.4 |
               +--------+--------+--------+--------+--------+-----+--------+

Top non-repeatable levels by time:
     D:6: 1373 daAuts
     D:5: 1320 daAuts
     D:4: 1135 daAuts
     D:7: 978 daAuts
     D:3: 949 daAuts
     D:1: 949 daAuts
     D:2: 891 daAuts
